 Dungeon Crawl Stone Soup version 0.26-a0-30-g56b8cd3df0 (webtiles) character file.

Game seed: 14628152753592591482, levelgen mode: deterministic

2963 MisterFreud the Spear-Bearer (level 9, -1/75 HPs)
             Began as a Centaur Fighter on June 1, 2020.
             Slain by an orc warrior
             ... wielding a +0 spear
              (14 damage)
             ... in a bailey.
             The game lasted 00:14:31 (9418 turns).

MisterFreud the Spear-Bearer (Centaur Fighter)      Turns: 9418, Time: 00:14:32

Health: -1/75      AC:  6    Str: 19    XL:     9   Next: 52%
Magic:  9/9        EV:  6    Int:  7    God:
Gold:   612        SH: 15    Dex: 12    Spells: 8/8 levels left

rFire    . . .     SeeInvis +   a - +0 trident
rCold    . . .     Gourm    .   c - +0 kite shield
rNeg     . . .     Faith    .   b - +0 scale mail
rPois    .         Spirit   .   (no helmet)
rElec    .         Reflect  +   (no cloak)
rCorr    .         Harm     .   (no gloves)
MR       .....                  (no barding)
Stlth    ..........             F - amulet of reflection
HPRegen  0.22/turn              H - ring of see invisible
MPRegen  0.11/turn              (no ring)

@: lethally poisoned (-1 -> -4), very quick
A: large, hooves 3, deformed body, speed 2, tough skin 3
a: no special abilities


You were in a bailey.
You were hungry.

You visited 2 branches of the dungeon, and saw 8 of its levels.
You also visited: Sewer and Bailey.

You collected 612 gold pieces.

Inventory:

Hand Weapons
 a - a +0 trident (weapon)
 z - a +0 shortbow
Missiles
 l - 42 sling bullets
 m - 162 stones
 n - 5 boomerangs
 r - 15 poisoned darts (quivered)
 v - 83 arrows
 D - 6 javelins
Armour
 b - a +0 scale mail (worn)
 c - a +0 kite shield (worn)
Jewellery
 y - an uncursed amulet of faith
 F - an amulet of reflection (around neck)
 H - a ring of see invisible (left hand)
Wands
 o - a wand of polymorph (4)
Scrolls
 e - 5 scrolls of magic mapping {unknown}
 h - 6 scrolls of remove curse {unknown}
 j - 6 scrolls of identify
 p - a scroll of teleportation {unknown}
 q - 2 scrolls of random uselessness {unknown}
 s - a scroll of noise {unknown}
 u - a scroll of amnesia {unknown}
 w - 2 scrolls of blinking {unknown}
 x - 2 scrolls of enchant weapon {unknown}
 A - a scroll of immolation {unknown}
 B - a scroll of fog {unknown}
 C - 2 scrolls of enchant armour {unknown}
Potions
 d - 4 potions of heal wounds
 g - 3 potions of degeneration
 i - 2 potions of stabbing
 k - 2 potions of curing
 t - 2 potions of brilliance
 E - 2 potions of magic
 G - a potion of flight {unknown}
Comestibles
 f - 8 rations


   Skills:
 - Level 6.0 Fighting
 + Level 9.0 Polearms
 - Level 2.1 Armour
 - Level 6.2 Shields


You had 8 spell levels left.
You didn't know any spells.
Your spell library contained the following spells:

 Spells                   Type           Power        Failure   Level  Hunger
 Shock                    Conj/Air       #...         95%         1    ##.....
 Swiftness                Chrm/Air       #.......     98%         2    ###....
 Static Discharge         Conj/Air       #.......     100%        3    ####...
 Airstrike                Air            #.........   100%        4    #####..
 Lightning Bolt           Conj/Air       #.........   100%        5    ######.


Dungeon Overview and Level Annotations

Branches:
Dungeon (7/15)             Temple (1/1) D:4           Sewer (visited)
 Bailey (1/1)

Altars:
Ashenzari
Cheibriados
Elyvilon
Fedhas
Gozag
Hepliaklqana
Kikubaaqudgha
Makhleb
Nemelex Xobeh
Qazlal
Ru
Sif Muna
Trog
Uskayaw
Vehumet
Wu Jian
Xom
Yredelemnul
Zin
The Shining One

Shops:
D:4 [*   D:6 }


Innate Abilities, Weirdness & Mutations

You have hooves in place of feet.
Armour fits poorly on your strangely shaped body.
You cover ground very quickly.
You have extremely tough skin. (AC +3)


Message History

You feel sick. The orc warrior barely misses you.
You hit the orc warrior.
The orc warrior is moderately wounded.
You block the orc warrior's attack.
You barely miss the orc warrior.
The orc warrior is moderately wounded.
You feel sick. You block the orc warrior's attack.
You hit the orc warrior but do no damage.
The orc warrior is moderately wounded.
You feel sick.
The orc warrior hits you with a +0 spear.
* * * LOW HITPOINT WARNING * * *
You hit the orc warrior but do no damage.
The orc warrior is moderately wounded.
You block the orc warrior's attack.
You hit the orc warrior.
The orc warrior is heavily wounded.
You feel sick.
The orc warrior hits you with a +0 spear!
You die...

#≈..)≈.....∩∩∩..≈).).≈.#
#≈...≈.≈≈..⌠.⌠..≈)≈≈.≈.#
#≈≈..≈≈.≈≈≈...≈≈≈.≈.≈≈.#
#≈≈⌠..≈≈..≈≈≈≈≈..≈≈.≈.##
##≈≈...≈≈≈.....≈≈≈.≈≈.#
##≈≈....≈≈≈≈≈≈≈..≈≈..#
##≈..≈≈.......≈≈≈.⌠.# o
#≈...≈≈≈≈≈≈≈≈≈....##...
#≈.......)o@..#####....
####)##########⌠o......
#............o........#
##...o...............##
##≈≈≈≈≈≈≈≈≈≈≈≈≈≈≈≈≈##
###################


You could see an orc warrior.

Vanquished Creatures
  Edmund (D:5)
  A water moccasin (Bailey)
  2 orc warriors (Bailey)
  An ice beast (D:5)
  A phantom (Temple)
  A sky beast (D:6)
  3 ogres
  3 centaurs
  5 big kobolds (Sewer)
  2 bullfrogs (D:6)
  2 scorpions
  3 howler monkeys
  2 crimson imps
  4 hounds
  6 orc wizards
  A gnoll shaman (D:4)
  2 orc priests
  A bullfrog skeleton (D:7)
  2 iguanas (D:4)
  6 worker ants
  Terence (D:3)
  A killer bee zombie (D:5)
  3 hound skeletons
  A hound zombie (D:2)
  A howler monkey zombie (D:7)
  8 gnolls
  8 adders
  2 shadow imps (D:5)
  3 oozes
  An adder zombie (D:7)
  An adder skeleton (D:4)
  3 worms
  3 dart slugs
  3 leopard geckos
  30 orcs
  5 ball pythons
  5 giant cockroaches
  6 goblins
  6 hobgoblins
  14 jackals
  4 quokkas
  7 bats
  4 frilled lizards
  10 kobolds
  A leopard gecko skeleton (D:4)
  A leopard gecko zombie (D:2)
  A quokka skeleton (D:4)
  9 rats
191 creatures vanquished.

Notes
Turn   | Place    | Note
-------+----------+-------------------------------------------
     0 | D:1      | MisterFreud the Centaur Fighter began the quest for the
                  | Orb.
     0 | D:1      | Reached XP level 1. HP: 19/19 MP: 1/1
   101 | D:1      | Reached XP level 2. HP: 26/26 MP: 2/2
   700 | D:2      | Found a bloodstained altar of Trog.
   737 | D:2      | Reached XP level 3. HP: 34/34 MP: 3/3
   744 | D:2      | Found a blossoming altar of Fedhas.
   753 | D:2      | Reached skill level 5 in Fighting
   753 | D:2      | Reached XP level 4. HP: 34/42 MP: 4/4
   787 | D:2      | HP: 2/42 [poisoned by an adder]
   795 | D:2      | HP: 2/42 [poisoned by an adder]
  1561 | D:3      | Found a shattered altar of Ashenzari.
  1654 | D:3      | Found a sparkling altar of Nemelex Xobeh.
  2279 | D:3      | Noticed Terence
  2295 | D:3      | Killed Terence
  2295 | D:3      | Reached XP level 5. HP: 42/50 MP: 5/5
  2583 | D:4      | Found Qiadurch's Antique Armour Emporium.
  2583 | D:4      | Noticed a phantom
  2950 | D:4      | Reached XP level 6. HP: 53/57 MP: 6/6
  3003 | D:4      | Found a glowing drain.
  3014 | Sewer    | Entered a sewer
  3129 | Sewer    | Reached XP level 7. HP: 14/63 MP: 7/7
  3500 | Sewer    | Reached skill level 5 in Shields
  4187 | D:4      | Found Zin's Purification Station.
  4193 | D:4      | Found a glowing silver altar of Zin.
  4700 | D:4      | Reached XP level 8. HP: 41/70 MP: 8/8
  4719 | D:4      | Found a staircase to the Ecumenical Temple.
  4732 | Temple   | Entered the Ecumenical Temple
  4734 | Temple   | Reached skill level 2 in Polearms
  5213 | Temple   | Reached skill level 3 in Polearms
  5800 | D:5      | Entered Level 5 of the Dungeon
  5812 | D:5      | Reached skill level 4 in Polearms
  6002 | D:5      | HP: 2/70 [killer bee zombie (3)]
  6235 | D:5      | Reached skill level 5 in Polearms
  6531 | D:5      | Noticed Edmund
  6547 | D:5      | Killed Edmund
  6547 | D:5      | Reached skill level 6 in Polearms
  6769 | D:5      | Found a shimmering altar of Xom.
  6812 | D:5      | Found a stormy altar of Qazlal.
  7013 | D:5      | Found a hide-covered altar of Uskayaw.
  7192 | D:6      | Found Qoucw's Gadget Emporium.
  7231 | D:6      | Reached XP level 9. HP: 23/75 MP: 9/9
  7472 | D:6      | Found an ornate altar of the Wu Jian Council.
  7494 | D:6      | Reached skill level 7 in Polearms
  8575 | D:7      | Reached skill level 8 in Polearms
  8961 | D:7      | Found a flagged portal.
  8970 | Bailey   | Entered a bailey
  9411 | Bailey   | Reached skill level 9 in Polearms
  9418 | Bailey   | Slain by an orc warrior

Illustrated notes

Levels and vault maps discovered:
D:1:      dpeg_arrival_short_road, layout_rooms, corexii_leaking_fountain,
          minmay_misc_feat_four_crosses, minivault_27
D:2:      layout_basic, bloody_trog, old_standard_altar
D:3:      layout_basic, ashenzari_conservatory_becter, serial_glass,
          glass_columns_c, glass_columns_b, first_ration,
          nemelex_xobeh_ov_fountains_minmay, uniq_terence
D:4:      layout_basic, zin_purify, minmay_temple_entry_statues_pillars,
          serial_shops, shop, cheibrodos_sewer_entry_drain, st_stairs_4
D:5:      layout_basic, overflow_temple_1_default,
          eat_drink_and_be_merry_uskayaw, basic_altar, uniq_edmund
D:6:      layout_basic, overflow_temple_1_default, serial_shops,
          nicolae_shop_trees, minmay_misc_feat_rows
D:7:      layout_basic, enter_bailey_2, fedhas_ov_isle_minmay
Temple:   oiseaux_autumnal_temple
Bailey:   bailey_polearm_flooded_kennysheep, bailey

Skill      XL: |  1  2  3  4  5  6  7  8  9 |
---------------+----------------------------+-----
Fighting       | 4 5 6 |  6.0
Shields        | 3 4 6 |  6.2
Polearms       | 6 9 |  9.0
Armour         | |  2.1

Action                   |  1- 3 |  4- 6 |  7- 9 || total
-------------------------+-------+-------+-------++-------
Melee: Trident           |    60 |   209 |   587 ||   856
       Kick              |     9 |    36 |   130 ||   175
Throw: Dart              |       |    10 |    35 ||    45
Evoke: Wand              |       |       |     4 ||     4
  Use: Potion            |       |     6 |     1 ||     7
       Scroll            |       |       |     2 ||     2
  Eat: Chunk             |       |     5 |    12 ||    17
       Ration            |       |       |     2 ||     2
Armor: Scale mail        |    16 |    82 |   134 ||   232
       Skin              |       |    40 |       ||    40
Dodge: Dodged            |     9 |    33 |   116 ||   158
Block: Kite shield       |    12 |    84 |   300 ||   396

Table legend:
 A = Non-vault XP
 B = Vault XP
 C = Vault XP percentage of total XP
 D = Non-vault monster count
 E = Vault monster count
 F = Vault count percentage of total count
                 A         B        C        D         E       F
            +---------+---------+-------+---------+---------+-------
      Total |    2787 |    1446 |  34.2 |     146 |      45 |  23.6
            +---------+---------+-------+---------+---------+-------
        D:1 |      29 |       0 |   0.0 |      15 |       0 |   0.0
        D:2 |     103 |       0 |   0.0 |      16 |       0 |   0.0
        D:3 |      59 |      32 |  35.2 |      16 |       1 |   5.9
        D:4 |     716 |      74 |   9.4 |      39 |       4 |   9.3
        D:5 |     754 |     149 |  16.5 |      20 |       1 |   4.8
        D:6 |     805 |       0 |   0.0 |      30 |       0 |   0.0
        D:7 |      93 |       0 |   0.0 |       7 |       0 |   0.0
     Temple |     228 |       0 |   0.0 |       3 |       0 |   0.0
      Sewer |       0 |     522 | 100.0 |       0 |      24 | 100.0
     Bailey |       0 |     669 | 100.0 |       0 |      15 | 100.0
            +---------+---------+-------+---------+---------+-------
